 Dungeon Crawl Stone Soup version 0.22-a0-159-g7ce444f (webtiles) character file.

9 4thArraOfDagon the Charlatan (level 2, 0/12 HPs)
             Began as a Felid Artificer on Feb 9, 2018.
             Slain by a bat (1 damage)
             ... on level 1 of the Dungeon.
             The game lasted 00:00:45 (110 turns).

4thArraOfDagon the Charlatan (Felid Artificer)       Turns: 110, Time: 00:00:46

Health: 0/12       AC:  1    Str:  8    XL:     2   Next: 3%
Magic:  5/5        EV: 18    Int: 12    God:
Gold:   0          SH:  0    Dex: 16    Spells: 1/1 levels left
                                        Lives:  0   Deaths: 0

rFire    . . .     SeeInvis +     - Unarmed
rCold    . . .     Gourm    .   (shield unavailable)
rNeg     . . .     Faith    .   (armour unavailable)
rPois    .         Spirit   .   (helmet unavailable)
rElec    .         Reflect  .   (cloak unavailable)
rCorr    .         Harm     .   (gloves unavailable)
MR       .....                  (boots unavailable)
Stlth    ++........             (no amulet)
HPRegen  0.04/turn              (no ring)
MPRegen  0.09/turn              (no ring)

@: very slightly contaminated, quick
A: very small, no armour, no weapons or thrown items, stealth, claws 1, fangs 3,
see invisible, carnivore, speed 1, shaggy fur 1, slow metabolism 1, sharp paws
a: no special abilities


You were on level 1 of the Dungeon.
You were not hungry.

You visited 1 branch of the dungeon, and saw 1 of its levels.

Inventory:

Wands
 a - a wand of flame (15)
 b - a wand of enslavement (15)
 c - a wand of random effects (15)
Scrolls
 g - a scroll of amnesia {unknown}
Potions
 e - a potion of invisibility
 f - a potion of curing {unknown}
Comestibles
 d - 2 rations


   Skills:
 + Level 1.2 Fighting
 + Level 2.9 Dodging
 + Level 1.9 Stealth
 * Level 1.4 Unarmed Combat
 - Level 3.2 Evocations


You had one spell level left.
You didn't know any spells.

Dungeon Overview and Level Annotations

Branches:
Dungeon (1/15)

Altars:


Innate Abilities, Weirdness & Mutations

You cannot wear armour.
You are incapable of wielding weapons or throwing items.
Your paws allow you to move quietly. (Stealth)
You have sharp claws.
You have razor-sharp teeth.
You have supernaturally acute eyesight. (SInv)
You are carnivorous and can eat meat at any time.
You cover ground quickly.
You are covered in fur. (AC +1)
You have a slow metabolism.
Your sharp claws are effective at attacking unaware monsters.


Message History

You closely miss the bat. The bat hits you. The rat completely misses you.
Unknown command.
You completely miss the rat. You bite the rat, but do no damage.
The bat hits you but does no damage. The rat barely misses you.
Unknown command.
You barely miss the rat.
The bat misses you. x2; The rat bites you.
Unknown command.
You completely miss the bat. The bat completely misses you. The bat misses you.
The rat barely misses you.
Unknown command.
You scratch the rat.
The rat is heavily wounded.
The bat misses you. The rat bites you.
* * * LOW HITPOINT WARNING * * *
Unknown command.
The bat hits you.
* * * LOW HITPOINT WARNING * * *
Unknown command.
The bat hits you.
You die...

# ##### .?.. ...... .....
#######....
......##.......#
............@############
......##.##.b............
......#.gr............###
........#####......(..#
......#.# #.....#####
........# ###.###
......... #.# .#.....#..
..# .g...>. ... ....


You could see a bat and a rat.

Vanquished Creatures
  A leopard gecko (D:1)
  2 giant cockroaches (D:1)
  A goblin (D:1)
  A kobold (D:1)
  2 rats (D:1)
7 creatures vanquished.

Notes
Turn   | Place    | Note
-------+----------+-------------------------------------------
     0 | D:1      | 4thArraOfDagon the Felid Artificer began the quest for the Orb.
     0 | D:1      | Reached XP level 1. HP: 9/9 MP: 4/4
    85 | D:1      | Reached XP level 2. HP: 5/12 MP: 5/5
   110 | D:1      | Slain by a bat

Vault maps used:
D:1:      erik_arrival_cave_to_civilisation, nrook_mini_backslash

Action                   || total
-------------------------++-------
Melee: Unarmed           ||    35
       Bite              ||     3
  Use: Potion            ||     1
 Stab: Sleeping          ||     2
  Eat: Chunk             ||     1
Armor: Skin              ||     3
Dodge: Dodged            ||    31

Table legend:
 A = Spawn XP
 B = Non-spawn XP
 C = Spawn XP percentage of total XP
 D = Spawn monster count
 E = Non-spawn monster count
 F = Spawn count percentage of total count
 G = Total turns spent on level
                    A         B        C        D         E        F      G
               +---------+---------+-------+---------+---------+-------+---------
         Total |       0 |      13 |   0.0 |       0 |       7 |   0.0 |   110
               +---------+---------+-------+---------+---------+-------+---------
           D:1 |       0 |      13 |   0.0 |       0 |       7 |   0.0 |   110
               +---------+---------+-------+---------+---------+-------+---------
